AoeStats
← 他并不是一个笨比

Yucatan

510577846Analyzed
4v4 RM · 11h ago on Oct 1, 2026· 50m 42s· 8 players
Game mode
Random Map
Map size
Large (8 player)
Population
200
Speed
Normal
Resources
Standard
Victory
Conquest
Starting age
Dark Age
Ending age
Imperial Age
RankedLock teamsTeams togetherTeam positionsShared explorationLock speedFull tech treeHidden civsTurbo modeCheats
Victory
Defeat
1241
+16
🇦🇷 Aztecs · Argentina
1184
+18
🇨🇳 Persians · China
1175
+18
🇦🇷 Huns · Argentina
1169
+19
🇩🇪 Celts · Germany
1247
-18
🇪🇸 Gurjaras · Spain
1230
-18
1226
-18
🇦🇷 Maya · Argentina
1208
-17
+elko4+ -on the road to 0MMR
8:09 Loom
10:01 Feudal Age
11:09 Double-Bit Axe
16:48 Castle Age
15:20 Forging
24:22 Horse Collar
26:26 Wheelbarrow
47:53 Light Cavalry
49:11 Heavy Plow
49:28 Bow Saw
javipuerto
1:00 Loom
12:00 Feudal Age
13:14 Man-at-Arms
14:55 Scale Mail Armor
16:40 Forging
16:29 Gold Mining
20:59 Castle Age
40:20 Bloodlines
Lt.Col.Sheppard
11:25 Feudal Age
11:34 Loom
11:39 Loom
16:43 Castle Age
14:53 Horse Collar
15:22 Double-Bit Axe
18:38 Bow Saw
30:39 Imperial Age
28:45 Wheelbarrow
27:56 Town Watch
28:45 Forging
28:36 Scale Mail Armor
28:37 Murder Holes
29:21 Gold Mining
29:21 Stone Mining
28:58 Pikeman
30:04 Heavy Plow
30:12 Fletching
30:41 Capped Ram
30:44 Halberdier
31:28 Gambesons
34:27 Iron Casting
35:09 Hand Cart
37:41 Man-at-Arms
38:07 Arson
39:09 Chain Mail Armor
39:55 Blast Furnace
38:31 Long Swordsman
40:43 Two-Handed Swordsman
41:37 Champion
43:52 Plate Mail Armor
46:54 Bodkin Arrow
46:52 Siege Ram
Vilkian
0:26 Loom
10:50 Feudal Age
11:24 Double-Bit Axe
18:43 Castle Age
17:53 Fletching
19:04 Gold Mining
18:44 Crossbowman
20:16 Bow Saw
20:27 Padded Archer Armor
21:15 Forging
24:33 Bodkin Arrow
24:22 Elite Skirmisher
26:45 Leather Archer Armor
28:17 Wheelbarrow
30:40 Horse Collar
32:32 Ballistics
32:40 Hand Cart
33:17 Thumb Ring
33:15 Town Watch
33:34 Stone Mining
34:30 Heavy Plow
38:30 Imperial Age
38:35 Arbalester
39:16 Bracer
40:22 Chemistry
39:41 Pikeman
40:22 Squires
40:23 Scale Mail Armor
40:54 Ring Archer Armor
40:34 Forging
41:24 Chain Mail Armor
41:51 Halberdier
45:39 Conscription
45:56 Hoardings
48:27 Plate Mail Armor
48:33 Iron Casting
51:37 Blast Furnace
DiegoArmando
10:34 Feudal Age
11:28 Loom
11:29 Town Watch
12:20 Scale Mail Armor
13:24 Forging
16:15 Wheelbarrow
15:27 Double-Bit Axe
15:47 Arson
29:18 Castle Age
28:48 Horse Collar
29:26 Pikeman
30:09 Squires
29:55 Gambesons
30:28 Chain Mail Armor
31:26 Iron Casting
32:43 Redemption
33:02 Fervor
33:26 Sanctity
33:27 Bow Saw
41:03 Imperial Age
43:22 Capped Ram
44:35 Plate Mail Armor
45:06 Blast Furnace
45:26 Siege Ram
46:36 Eagle Warrior
47:52 Elite Eagle Warrior
他并不是一个笨比
5:07 Loom
13:25 Feudal Age
17:49 Castle Age
16:23 Fletching
16:54 Padded Archer Armor
16:48 Double-Bit Axe
16:51 Horse Collar
18:50 Bow Saw
18:21 Crossbowman
19:52 Leather Archer Armor
21:05 Gold Mining
21:29 Elite Skirmisher
30:54 Wheelbarrow
32:42 Thumb Ring
35:09 Hand Cart
38:06 Imperial Age
38:06 Stone Mining
39:29 Conscription
43:05 Ballistics
43:09 Conscription
44:51 Chemistry
44:33 Hand Cart
45:16 Arbalester
杨枝甘露
11:32 Feudal Age
12:18 Double-Bit Axe
15:14 Castle Age
13:44 Horse Collar
15:40 Loom
16:12 Bow Saw
21:33 Wheelbarrow
22:02 Heavy Plow
25:38 Hand Cart
26:30 Forging
26:28 Scale Barding Armor
26:32 Stone Mining
26:54 Bloodlines
27:57 Gold Mining
28:43 Stone Shaft Mining
30:51 Imperial Age
28:29 Husbandry
29:25 Forging
29:38 Chain Barding Armor
29:29 Forging
31:43 Iron Casting
30:35 Cavalier
31:51 Plate Barding Armor
33:36 Chemistry
32:57 Ballistics
36:35 Conscription
38:32 Blast Furnace
40:52 Padded Archer Armor
40:43 Fletching
40:54 Scale Mail Armor
42:44 Hoardings
45:20 Citadels
45:45 Bodkin Arrow
47:09 Two-Man Saw
49:26 Sappers
Vagatela
0:46 Loom
11:47 Feudal Age
12:20 Double-Bit Axe
12:20 Horse Collar
15:35 Bloodlines
16:39 Scale Barding Armor
16:45 Forging
32:18 Castle Age
31:51 Gold Mining
31:52 Stone Mining
32:25 Light Cavalry
33:06 Husbandry
33:33 Bow Saw
33:27 Heavy Plow
33:59 Chain Barding Armor
35:31 Gold Shaft Mining
36:00 Iron Casting
44:51 Wheelbarrow
Connection lost

Rejoining the realm…

Still unreachable

The connection could not be restored.

Session expired

The server has moved on; the page needs a fresh start.